| TOP OF THE 1ST |
|
Philadelphia Phillies batting - Pitching for Miami Marlins : RHP Matt Altieri
|
|
Pitching: RHP Matt Altieri
|
|
|
Batting: SHB Patrick Kimmel
|
0-0: Foul Ball, location: 2F 0-1: Fly out, F8 (Flyball, 78XD, EV 92.5 MPH)
|
|
Batting: RHB Ji-an Li
|
0-0: Called Strike 0-1: Foul Ball, location: 2F 0-2: Strikes out looking
|
|
Batting: LHB Eric Katz
|
0-0: Ball 1-0: Foul Ball, location: 2F 1-1: Foul Ball, location: 2F 1-2: Foul Ball, location: 2F 1-2: Strikes out swinging
|
| Top of the 1st over - 0 runs, 0 hits, 0 errors, 0 left on base; Philadelphia 0 - Miami 0 |
| BOTTOM OF THE 1ST |
|
Miami Marlins batting - Pitching for Philadelphia Phillies : LHP Ayaz bin Jalal
|
|
Pitching: LHP Ayaz bin Jalal
|
|
|
Batting: RHB Roger Salazar
|
0-0: Foul Ball, location: 2F 0-1: Called Strike 0-2: Ball 1-2: Ball 2-2: Foul Ball, location: 2F 2-2: Ball 3-2: Base on Balls
|
|
Batting: RHB Micah Christopher
|
0-0: Ball Roger Salazar is caught stealing 2nd base 2-4 1-0: Ball 2-0: Ball 3-0: Called Strike 3-1: Base on Balls
|
|
Batting: LHB Andre Gorter
|
0-0: Ball Wild Pitch! Micah Christopher to second 1-0: Ball 2-0: Swinging Strike 2-1: Called Strike 2-2: Ball 3-2: Foul Ball, location: 2F 3-2: Strikes out swinging
|
|
Batting: RHB Jimmy Groseclose
|
0-0: 2-RUN HOME RUN (Flyball, 89XD, EV 105.0 MPH), Distance : 413 ft
|
|
Batting: RHB Jeff Garofalo
|
0-0: Ball 1-0: Foul Ball, location: 2F 1-1: Ball 2-1: SOLO HOME RUN (Flyball, 9LD, EV 95.0 MPH), Distance : 361 ft
|
|
Batting: RHB Seth Tramontano
|
0-0: Ball 1-0: Ball 2-0: Called Strike 2-1: Foul Ball, location: 2F 2-2: Foul Ball, location: 2F 2-2: Ball 3-2: Ground out 3-1 (Groundball, 34S, EV 83.8 MPH)
|
| Bottom of the 1st over - 3 runs, 2 hits, 0 errors, 0 left on base; Philadelphia 0 - Miami 3 |
| TOP OF THE 2ND |
|
Philadelphia Phillies batting - Pitching for Miami Marlins : RHP Matt Altieri
|
|
Batting: LHB Alberto Figueroa
|
0-0: Ball 1-0: Ball 2-0: Foul Ball, location: 2F 2-1: Called Strike 2-2: Fly out, F8 (Flyball, 78XD, EV 103.8 MPH)
|
|
Batting: LHB Ryan Trombley
|
0-0: Called Strike 0-1: Ground out 6-3 (Groundball, 6, EV 85.6 MPH)
|
|
Batting: RHB Raul de la Cruz
|
0-0: Ball 1-0: Ball 2-0: Called Strike 2-1: Swinging Strike 2-2: Strikes out swinging
|
| Top of the 2nd over - 0 runs, 0 hits, 0 errors, 0 left on base; Philadelphia 0 - Miami 3 |
| BOTTOM OF THE 2ND |
|
Miami Marlins batting - Pitching for Philadelphia Phillies : LHP Ayaz bin Jalal
|
|
Batting: RHB Josh Crenwelge
|
0-0: Ball 1-0: Foul Ball, location: 2F 1-1: SINGLE (Groundball, 6MD, EV 108.8 MPH)
|
|
Batting: RHB Gavin Helton
|
0-0: Ball 1-0: Foul Ball, location: 2F 1-1: Fly out, F7 (Flyball, 78M, EV 88.1 MPH)
|
|
Batting: RHB Eric Jordan
|
0-0: Ball 1-0: Called Strike Josh Crenwelge is caught stealing 2nd base 2-4 1-1: Ball 2-1: Foul Ball, location: 2F 2-2: Ball 3-2: Strikes out swinging
|
| Bottom of the 2nd over - 0 runs, 1 hit, 0 errors, 0 left on base; Philadelphia 0 - Miami 3 |
| TOP OF THE 3RD |
|
Philadelphia Phillies batting - Pitching for Miami Marlins : RHP Matt Altieri
|
|
Batting: LHB Nick Canizales
|
0-0: Called Strike 0-1: Ball 1-1: Ball 2-1: Fly out, F4 (Line Drive, 4, EV 71.3 MPH)
|
|
Batting: SHB Rafael Vazquez
|
0-0: Called Strike 0-1: Called Strike 0-2: Ball 1-2: Strikes out swinging
|
|
Batting: RHB Luis Arce
|
0-0: Called Strike 0-1: Called Strike 0-2: Ball 1-2: SINGLE (Groundball, 25, EV 65.6 MPH) (infield hit)
|
|
Batting: SHB Patrick Kimmel
|
0-0: Ball Luis Arce steals 2nd, throwing error, E2 Luis Arce to third 1-0: Called Strike 1-1: Ball 2-1: Ball 3-1: Called Strike 3-2: Foul Ball, location: 2F 3-2: Foul Ball, location: 2F 3-2: Foul Ball, location: 2F 3-2: Base on Balls
|
|
Batting: RHB Ji-an Li
|
0-0: Ball 1-0: Foul Ball, location: 2F 1-1: Ball 2-1: Ball 3-1: Swinging Strike 3-2: Foul Ball, location: 2F 3-2: Fly out, F7 (Flyball, 78D, EV 108.8 MPH)
|
| Top of the 3rd over - 0 runs, 1 hit, 1 error, 2 left on base; Philadelphia 0 - Miami 3 |
| BOTTOM OF THE 3RD |
|
Miami Marlins batting - Pitching for Philadelphia Phillies : LHP Ayaz bin Jalal
|
|
Batting: RHB Roger Salazar
|
0-0: Called Strike 0-1: Ball 1-1: Called Strike 1-2: Ball 2-2: Ground out 6-3 (Groundball, 6, EV 86.9 MPH)
|
|
Batting: RHB Micah Christopher
|
0-0: Ball 1-0: Called Strike 1-1: Ball 2-1: Foul Ball, location: 2F 2-2: Ball 3-2: Base on Balls
|
|
Batting: LHB Andre Gorter
|
0-0: Called Strike 0-1: 2-RUN HOME RUN (Flyball, 9D, EV 97.5 MPH), Distance : 382 ft
|
|
Pitching: RHP Brandon Tuckson
|
|
|
Batting: RHB Jimmy Groseclose
|
0-0: Ball 1-0: SOLO HOME RUN (Flyball, 9LD, EV 92.5 MPH), Distance : 359 ft
|
|
Batting: RHB Jeff Garofalo
|
0-0: Ball 1-0: Fly out, F9 (Flyball, 89D, EV 98.1 MPH)
|
|
Batting: RHB Seth Tramontano
|
0-0: Foul Ball, location: 2F 0-1: Swinging Strike 0-2: Ball 1-2: Strikes out swinging
|
| Bottom of the 3rd over - 3 runs, 2 hits, 0 errors, 0 left on base; Philadelphia 0 - Miami 6 |
| TOP OF THE 4TH |
|
Philadelphia Phillies batting - Pitching for Miami Marlins : RHP Matt Altieri
|
|
Batting: LHB Eric Katz
|
0-0: Called Strike 0-1: Ball 1-1: Foul Ball, location: 2F 1-2: Ball 2-2: Foul Ball, location: 2F 2-2: DOUBLE (Line Drive, 89D, EV 113.1 MPH)
|
|
Batting: LHB Alberto Figueroa
|
0-0: Called Strike 0-1: Ball 1-1: Ball 2-1: Called Strike 2-2: Strikes out looking
|
|
Batting: LHB Ryan Trombley
|
0-0: TRIPLE (Flyball, 9LD, EV 114.4 MPH) Eric Katz scores
|
|
Batting: RHB Raul de la Cruz
|
0-0: Ball Passed Ball! Ryan Trombley scores 1-0: Ball 2-0: Ball 3-0: Base on Balls
|
|
Batting: LHB Nick Canizales
|
0-0: Ball 1-0: Grounds into double play, 3-6-3 (Groundball, 3, EV 91.9 MPH)
|
| Top of the 4th over - 2 runs, 2 hits, 0 errors, 0 left on base; Philadelphia 2 - Miami 6 |
| BOTTOM OF THE 4TH |
|
Miami Marlins batting - Pitching for Philadelphia Phillies : RHP Brandon Tuckson
|
|
Batting: RHB Josh Crenwelge
|
0-0: Ball 1-0: Ball 2-0: Swinging Strike 2-1: Foul Ball, location: 2F 2-2: Ball 3-2: Ground out 4-3 (Groundball, 4, EV 106.9 MPH)
|
|
Batting: RHB Gavin Helton
|
0-0: Ground out U3 (Groundball, 3S, EV 87.5 MPH)
|
|
Batting: RHB Eric Jordan
|
0-0: Ball 1-0: Ball 2-0: Ball 3-0: Base on Balls
|
|
Batting: RHB Roger Salazar
|
0-0: Called Strike 0-1: Ball 1-1: Ball 2-1: Ground out U3 (Groundball, 3, EV 85.0 MPH)
|
| Bottom of the 4th over - 0 runs, 0 hits, 0 errors, 1 left on base; Philadelphia 2 - Miami 6 |
| TOP OF THE 5TH |
|
Philadelphia Phillies batting - Pitching for Miami Marlins : RHP Matt Altieri
|
|
Batting: SHB Rafael Vazquez
|
0-0: Called Strike 0-1: Ball 1-1: Called Strike 1-2: Foul Ball, location: 2F 1-2: Ground out 4-3 (Groundball, 4, EV 91.3 MPH)
|
|
Batting: RHB Luis Arce
|
0-0: Ball 1-0: Called Strike 1-1: Ball 2-1: Swinging Strike 2-2: Ball 3-2: Ground out 6-3 (Groundball, 6M, EV 101.3 MPH)
|
|
Batting: SHB Patrick Kimmel
|
0-0: Ball 1-0: Called Strike 1-1: Foul Ball, location: 2F 1-2: Fly out, F7 (Flyball, 7D, EV 78.1 MPH)
|
| Top of the 5th over - 0 runs, 0 hits, 0 errors, 0 left on base; Philadelphia 2 - Miami 6 |
| BOTTOM OF THE 5TH |
|
Miami Marlins batting - Pitching for Philadelphia Phillies : RHP Brandon Tuckson
|
|
Batting: RHB Micah Christopher
|
0-0: Ball 1-0: Fly out, F7 (Flyball, 78M, EV 85.6 MPH)
|
|
Batting: LHB Andre Gorter
|
0-0: Foul Ball, location: 2F 0-1: Ball 1-1: SINGLE (Groundball, 6MS, EV 68.1 MPH) (infield hit)
|
|
Batting: RHB Jimmy Groseclose
|
0-0: Called Strike Andre Gorter steals 2nd base 0-1: SINGLE (Groundball, 15S, EV 65.6 MPH) (infield hit) Andre Gorter to third
|
|
Batting: RHB Jeff Garofalo
|
0-0: Ball 1-0: Foul Ball, location: 2F 1-1: Fly out, F8 (Flyball, 78D, EV 91.9 MPH)
|
|
Batting: RHB Seth Tramontano
|
0-0: Called Strike 0-1: Called Strike 0-2: Ball 1-2: Foul Ball, location: 2F 1-2: Ball Wild Pitch! Andre Gorter scores Jimmy Groseclose to second 2-2: Foul Ball, location: 2F 2-2: Ball 3-2: Strikes out swinging
|
| Bottom of the 5th over - 1 run, 2 hits, 0 errors, 1 left on base; Philadelphia 2 - Miami 7 |
| TOP OF THE 6TH |
|
Philadelphia Phillies batting - Pitching for Miami Marlins : RHP Matt Altieri
|
|
Batting: RHB Ji-an Li
|
0-0: Swinging Strike 0-1: Called Strike 0-2: Strikes out swinging
|
|
Batting: LHB Eric Katz
|
0-0: Ball 1-0: Ball 2-0: Fly out, F9 (Flyball, 9LM, EV 105.6 MPH)
|
|
Batting: LHB Alberto Figueroa
|
0-0: Ball 1-0: Ball 2-0: Ball 3-0: Called Strike 3-1: Called Strike 3-2: Strikes out swinging
|
| Top of the 6th over - 0 runs, 0 hits, 0 errors, 0 left on base; Philadelphia 2 - Miami 7 |
| BOTTOM OF THE 6TH |
|
Miami Marlins batting - Pitching for Philadelphia Phillies : RHP Brandon Tuckson
|
|
Batting: RHB Josh Crenwelge
|
0-0: Called Strike 0-1: SINGLE (Groundball, 6MD, EV 101.3 MPH)
|
|
Batting: RHB Gavin Helton
|
0-0: Foul Ball, location: 2F 0-1: Foul Ball, location: 2F 0-2: Strikes out swinging
|
|
Batting: RHB Eric Jordan
|
0-0: Grounds into double play, 1-6-3 (Groundball, 13S, EV 70.0 MPH)
|
| Bottom of the 6th over - 0 runs, 1 hit, 0 errors, 0 left on base; Philadelphia 2 - Miami 7 |
| TOP OF THE 7TH |
|
Philadelphia Phillies batting - Pitching for Miami Marlins : RHP Matt Altieri
|
|
Batting: LHB Ryan Trombley
|
0-0: Foul Ball, location: 2F 0-1: Called Strike 0-2: SINGLE (Line Drive, 6D, EV 97.5 MPH)
|
|
Batting: RHB Raul de la Cruz
|
0-0: Called Strike 0-1: Ball 1-1: Called Strike 1-2: Reached on error, E5 (Groundball, 56S, EV 77.5 MPH) Ryan Trombley to second
|
|
Batting: LHB Nick Canizales
|
0-0: Called Strike 0-1: Ball 1-1: Fielders Choice at 2nd, 4-6 (Groundball, 4, EV 84.4 MPH) Ryan Trombley to third
|
|
Batting: SHB Rafael Vazquez
|
0-0: SINGLE (Groundball, 5L, EV 88.8 MPH) (infield hit) Ryan Trombley scores Nick Canizales to second
|
|
Batting: RHB Luis Arce
|
0-0: Foul Ball, location: 2F 0-1: Ball 1-1: Ball 2-1: Grounds into double play, 6-4-3 (Groundball, 6, EV 81.3 MPH)
|
| Top of the 7th over - 1 run, 2 hits, 1 error, 1 left on base; Philadelphia 3 - Miami 7 |
| BOTTOM OF THE 7TH |
|
Miami Marlins batting - Pitching for Philadelphia Phillies : RHP Brandon Tuckson
|
|
Pitching: RHP Victor Barron
|
|
|
Batting: RHB Roger Salazar
|
0-0: Called Strike 0-1: Foul Ball, location: 2F 0-2: Foul Ball, location: 2F 0-2: Strikes out looking
|
|
Batting: RHB Micah Christopher
|
0-0: Ground out 5-3 (Groundball, 15, EV 79.4 MPH)
|
|
Batting: LHB Andre Gorter
|
0-0: Fly out, F7 (Flyball, 78S, EV 80.6 MPH)
|
| Bottom of the 7th over - 0 runs, 0 hits, 0 errors, 0 left on base; Philadelphia 3 - Miami 7 |
| TOP OF THE 8TH |
|
Philadelphia Phillies batting - Pitching for Miami Marlins : RHP Matt Altieri
|
|
Pitching: RHP Ian Newman
|
|
|
Batting: SHB Patrick Kimmel
|
0-0: Ball 1-0: SINGLE (Groundball, 4MS, EV 74.4 MPH) (infield hit)
|
|
Batting: RHB Ji-an Li
|
0-0: Called Strike 0-1: Ball 1-1: Foul Ball, location: 2F 1-2: Foul Ball, location: 2F 1-2: Fly out, F9 (Flyball, 9, EV 84.4 MPH)
|
|
Batting: LHB Eric Katz
|
0-0: Ball 1-0: Fly out, F8 (Flyball, 8RS, EV 81.3 MPH)
|
|
Batting: LHB Alberto Figueroa
|
0-0: Called Strike 0-1: Fielders Choice at 2nd, U4 (Groundball, 4M, EV 105.6 MPH)
|
| Top of the 8th over - 0 runs, 1 hit, 0 errors, 1 left on base; Philadelphia 3 - Miami 7 |
| BOTTOM OF THE 8TH |
|
Miami Marlins batting - Pitching for Philadelphia Phillies : RHP Victor Barron
|
|
Batting: RHB Jimmy Groseclose
|
0-0: Foul Ball, location: 2F 0-1: Ball 1-1: Ball 2-1: Foul Ball, location: 2F 2-2: Foul Ball, location: 2F 2-2: Ground out 5-3 (Groundball, 56, EV 106.9 MPH)
|
|
Batting: RHB Jeff Garofalo
|
0-0: Ground out 4-3 (Groundball, 4, EV 103.8 MPH)
|
|
Batting: RHB Seth Tramontano
|
0-0: Ground out 6-3 (Groundball, 6, EV 102.5 MPH)
|
| Bottom of the 8th over - 0 runs, 0 hits, 0 errors, 0 left on base; Philadelphia 3 - Miami 7 |
| TOP OF THE 9TH |
|
Philadelphia Phillies batting - Pitching for Miami Marlins : RHP Ian Newman
|
|
Pitching: RHP Travis Small
|
|
|
Batting: LHB Ryan Trombley
|
0-0: Swinging Strike 0-1: Ball 1-1: Called Strike 1-2: Ball 2-2: Strikes out looking
|
|
Batting: RHB Raul de la Cruz
|
0-0: Called Strike 0-1: Foul Ball, location: 2F 0-2: Hit by Pitch
|
|
Batting: LHB Nick Canizales
|
0-0: Ball 1-0: Called Strike 1-1: Fielders Choice at 2nd, 3-6 (Groundball, 3, EV 78.8 MPH)
|
|
Batting: SHB Rafael Vazquez
|
0-0: Called Strike 0-1: Ball 1-1: Fielders Choice at 2nd, 6-4 (Groundball, 6, EV 81.9 MPH)
|
| Top of the 9th over - 0 runs, 0 hits, 0 errors, 1 left on base; Philadelphia 3 - Miami 7 |
|